[ PARTIDA AOE2 · #494240214 ]
UnrankedLituanos vs Franks
Equipo del jugador · DERR
Equipo rival · VICT
[ ANÁLISIS DE REPETICIÓN · EXTRAÍDO DE LA PARTIDA GRABADA ]
Feudal
9:19
Castillos
—
Imperial
—
| APM promedio | 52.1 |
| APM pico | 93 |
| eAPM promedio | 17.3 |
| Aldeanos / militares | 38 / 15 |
Foco
⚔️ 33.9% · 🌾 66.1%
Spearman ×8 · Scout Cavalry ×7
Feudal
8:54
Castillos
—
Imperial
—
| APM promedio | 62.9 |
| APM pico | 105 |
| eAPM promedio | 18.4 |
| Aldeanos / militares | 38 / 10 |
Foco
⚔️ 36.4% · 🌾 63.6%
Scout Cavalry ×10
Mapa de la partida
Recursos iniciales + cada clic de construcción. Líneas = muros · curvas = relieve. ◆ oro · ⬟ piedra · ● bayas · ✦ reliquia · ◌ hueco del cierre
Tu base· Abierta — hueco de 9t
Base de GG· Abierta — flanco sin cerrar
Terreno inicial suavizado · ◌ = hueco del cierre detectado · pasá el cursor para detalles
Inputs por minuto
— tseungsiupang - - GG
Build order — tseungsiupang
91 acciones detectadas en el replay
| 0:01 | Encolar | Villager (Male) |
| 0:01 | Encolar | Villager (Male) |
| 0:03 | Construir | House |
| 0:04 | Construir | House |
| 0:08 | Encolar | Villager (Male) |
| 0:09 | Encolar | Villager (Male) |
| 0:09 | Encolar | Villager (Male) |
| 0:38 | Encolar | Villager (Male) |
| 0:38 | Encolar | Villager (Male) |
| 0:38 | Encolar | Villager (Male) |
| 1:22 | Encolar | Villager (Male) |
| 2:13 | Encolar | Villager (Male) |
| 2:13 | Encolar | Villager (Male) |
| 2:17 | Encolar | Villager (Male) |
| 2:18 | Encolar | Villager (Male) |
| 2:45 | Encolar | Villager (Male) |
| 2:46 | Encolar | Villager (Male) |
| 3:16 | Construir | Lumber Camp |
| 3:32 | Construir | Lumber Camp |
| 3:49 | Encolar | Villager (Male) |
| 3:49 | Encolar | Villager (Male) |
| 4:01 | Construir | House |
| 4:17 | Encolar | Villager (Male) |
| 4:17 | Encolar | Villager (Male) |
| 4:18 | Encolar | Villager (Male) |
| 4:20 | Encolar | Villager (Male) |
| 4:20 | Encolar | Villager (Male) |
| 4:40 | Construir | Palisade Wall |
| 4:40 | Construir | Palisade Wall |
| 4:41 | Construir | Palisade Wall |
| 4:41 | Construir | Palisade Wall |
| 4:42 | Construir | Palisade Wall |
| 4:43 | Construir | Palisade Wall |
| 4:46 | Construir | Palisade Wall |
| 5:02 | Encolar | Villager (Male) |
| 5:02 | Encolar | Villager (Male) |
| 5:35 | Construir | Mill |
| 6:05 | Construir | Palisade Wall |
| 6:33 | Investigar | Loom |
| 7:09 | Investigar | Feudal Age |
| 7:09 | Investigar | Feudal Age |
| 8:10 | Construir | House |
| 8:36 | Construir | Palisade Wall |
| 8:53 | Construir | Barracks |
| 9:01 | Encolar | Villager (Male) |
| 9:02 | Encolar | Villager (Male) |
| 9:19 | Edad | Edad Feudal |
| 10:12 | Encolar | Villager (Male) |
| 10:12 | Encolar | Villager (Male) |
| 10:12 | Encolar | Villager (Male) |
| 10:32 | Construir | Stable |
| 10:43 | Investigar | Double-Bit Axe |
| 10:57 | Encolar | Scout Cavalry |
| 10:57 | Encolar | Scout Cavalry |
| 10:58 | Encolar | Scout Cavalry |
| 10:58 | Encolar | Scout Cavalry |
| 11:06 | Construir | House |
| 11:39 | Encolar | Scout Cavalry |
| 11:53 | Investigar | Horse Collar |
| 11:53 | Investigar | Horse Collar |
| 11:55 | Encolar | Spearman |
| 11:55 | Encolar | Spearman |
| 12:17 | Encolar | Villager (Male) |
| 12:17 | Encolar | Villager (Male) |
| 12:23 | Construir | House |
| 12:47 | Construir | Farm |
| 12:48 | Construir | Farm |
| 12:49 | Construir | Farm |
| 13:06 | Encolar | Spearman |
| 13:19 | Construir | Lumber Camp |
| 13:30 | Construir | Farm |
| 13:43 | Construir | Farm |
| 13:46 | Construir | Farm |
| 13:47 | Construir | Farm |
| 14:04 | Encolar | Scout Cavalry |
| 14:04 | Encolar | Scout Cavalry |
| 14:51 | Encolar | Spearman |
| 14:51 | Encolar | Spearman |
| 15:14 | Encolar | Villager (Male) |
| 15:15 | Encolar | Villager (Male) |
| 15:18 | Construir | House |
| 15:19 | Construir | House |
| 15:56 | Encolar | Villager (Male) |
| 15:56 | Encolar | Villager (Male) |
| 16:41 | Construir | Watch Tower |
| 16:47 | Encolar | Spearman |
| 16:47 | Encolar | Spearman |
| 16:47 | Encolar | Spearman |
| 17:24 | Encolar | Villager (Male) |
| 17:24 | Encolar | Villager (Male) |
| 17:25 | Encolar | Villager (Male) |
Build order — GG
86 acciones detectadas en el replay
| 0:00 | Encolar | Villager (Male) |
| 0:01 | Encolar | Villager (Male) |
| 0:02 | Construir | House |
| 0:04 | Construir | House |
| 0:13 | Encolar | Villager (Male) |
| 0:13 | Encolar | Villager (Male) |
| 1:29 | Encolar | Villager (Male) |
| 1:30 | Encolar | Villager (Male) |
| 1:55 | Encolar | Villager (Male) |
| 2:14 | Encolar | Villager (Male) |
| 2:14 | Encolar | Villager (Male) |
| 2:52 | Encolar | Villager (Male) |
| 2:53 | Encolar | Villager (Male) |
| 3:12 | Encolar | Villager (Male) |
| 3:24 | Encolar | Villager (Male) |
| 3:34 | Construir | Lumber Camp |
| 3:38 | Encolar | Villager (Male) |
| 3:42 | Encolar | Villager (Male) |
| 3:42 | Encolar | Villager (Male) |
| 3:52 | Construir | House |
| 4:12 | Encolar | Villager (Male) |
| 4:18 | Encolar | Villager (Male) |
| 4:54 | Encolar | Villager (Male) |
| 4:54 | Encolar | Villager (Male) |
| 5:00 | Encolar | Villager (Male) |
| 6:04 | Construir | Mill |
| 6:19 | Investigar | Loom |
| 6:42 | Investigar | Feudal Age |
| 7:45 | Encolar | Villager (Male) |
| 7:58 | Construir | Barracks |
| 8:20 | Encolar | Villager (Male) |
| 8:42 | Construir | House |
| 8:54 | Edad | Edad Feudal |
| 9:17 | Construir | Stable |
| 9:32 | Encolar | Villager (Male) |
| 9:33 | Encolar | Villager (Male) |
| 9:33 | Encolar | Villager (Male) |
| 9:34 | Investigar | Double-Bit Axe |
| 10:20 | Encolar | Scout Cavalry |
| 10:20 | Encolar | Scout Cavalry |
| 10:40 | Construir | Farm |
| 10:42 | Construir | Farm |
| 10:42 | Encolar | Villager (Male) |
| 10:45 | Construir | Farm |
| 10:46 | Construir | Farm |
| 10:56 | Construir | House |
| 10:58 | Construir | Mining Camp |
| 11:31 | Encolar | Villager (Male) |
| 11:44 | Construir | Watch Tower |
| 11:47 | Encolar | Scout Cavalry |
| 11:50 | Construir | Farm |
| 11:55 | Encolar | Villager (Male) |
| 12:07 | Construir | Blacksmith |
| 12:13 | Encolar | Villager (Male) |
| 12:17 | Construir | House |
| 12:31 | Encolar | Scout Cavalry |
| 12:49 | Encolar | Villager (Male) |
| 13:10 | Construir | Farm |
| 13:11 | Encolar | Villager (Male) |
| 13:34 | Encolar | Villager (Male) |
| 13:36 | Construir | Farm |
| 13:43 | Encolar | Scout Cavalry |
| 14:03 | Construir | Watch Tower |
| 14:06 | Investigar | Fletching |
| 14:06 | Investigar | Fletching |
| 14:09 | Construir | House |
| 14:12 | Construir | Farm |
| 14:13 | Construir | Farm |
| 14:47 | Encolar | Villager (Male) |
| 14:53 | Encolar | Scout Cavalry |
| 15:05 | Construir | Farm |
| 15:06 | Construir | Farm |
| 15:09 | Encolar | Scout Cavalry |
| 15:17 | Encolar | Villager (Male) |
| 15:31 | Construir | Watch Tower |
| 15:49 | Encolar | Scout Cavalry |
| 15:51 | Construir | Farm |
| 15:55 | Encolar | Scout Cavalry |
| 16:02 | Encolar | Villager (Male) |
| 16:04 | Construir | Farm |
| 16:33 | Encolar | Scout Cavalry |
| 16:41 | Construir | Farm |
| 16:42 | Encolar | Villager (Male) |
| 16:52 | Construir | House |
| 17:23 | Encolar | Villager (Male) |
| 17:27 | Construir | Mining Camp |
Cronología de la partida
| 4:40 | tseungsiupang · wall_segment Palisade Wall x1 |
| 4:40 | tseungsiupang · wall_segment Palisade Wall x1 |
| 4:41 | tseungsiupang · wall_segment Palisade Wall x1 |
| 4:41 | tseungsiupang · wall_segment Palisade Wall x1 |
| 4:42 | tseungsiupang · wall_segment Palisade Wall x1 |
| 4:43 | tseungsiupang · wall_segment Palisade Wall x1 |
| 4:46 | tseungsiupang · wall_segment Palisade Wall x3 |
| 6:05 | tseungsiupang · wall_segment Palisade Wall x11 |
| 7:58 | GG · first_building Barracks |
| 8:36 | tseungsiupang · wall_segment Palisade Wall x6 |
| 8:53 | tseungsiupang · first_building Barracks |
| 8:54 | GG · age_up feudal |
| 9:17 | GG · first_building Stable |
| 9:19 | tseungsiupang · age_up feudal |
| 10:32 | tseungsiupang · first_building Stable |
| 17:40 | tseungsiupang · resign |
[ ANÁLISIS IA · 1 CRÉDITO ]
¿Qué pasó realmente en esta partida?
Wolo.gg analiza cada decisión: build order, eco, micro, errores típicos por bracket. Análisis personalizado por WhatsApp o Discord en 30 segundos.
Guía civ
Lituanos
Perfil
tseungsiupang